 Dungeon Crawl Stone Soup version 0.24-a0-361-g57161393b2 (webtiles) character file.

Game seed: 5232605110452641270

11 HAL9000 the Sneak (level 2, 0/15 HPs)
             Began as a Vine Stalker Assassin on May 26, 2019.
             Slain by a quokka (3 damage)
             ... on level 2 of the Dungeon.
             The game lasted 00:00:58 (442 turns).

HAL9000 the Sneak (Vine Stalker Assassin)            Turns: 442, Time: 00:00:59

Health: 0/15       AC:  3    Str: 13    XL:     2   Next: 29%
Magic:  0/3        EV: 11    Int: 11    God:
Gold:   5          SH:  0    Dex: 15    Spells: 1/1 levels left

rFire    . . .     SeeInvis .   a - +2 dagger
rCold    . . .     Gourm    .   (no shield)
rNeg     . . .     Faith    .   b - +0 robe
rPois    .         Spirit   +   (no helmet)
rElec    .         Reflect  .   c - +0 cloak
rCorr    .         Harm     .   (no gloves)
MR       .....                  (no boots)
Stlth    +++.......             (no amulet)
HPRegen  0.05/turn              (no ring)
MPRegen  0.08/turn              (no ring)

@: no status effects
A: fangs 2, magic shield, antimagic bite, no potion heal 3, rot immunity
a: no special abilities


You were on level 2 of the Dungeon.
You were not hungry.

You visited 1 branch of the dungeon, and saw 2 of its levels.

You collected 5 gold pieces.

Inventory:

Hand Weapons
 a - a +2 dagger (weapon)
Missiles
 d - 8 poisoned darts (quivered)
 e - 2 curare-tipped darts
Armour
 b - a +0 robe (worn)
 c - a +0 cloak (worn)
Scrolls
 g - a scroll of fog {unknown}
 i - a scroll of identify {unknown}
Potions
 j - a potion of degeneration {unknown}
 k - a potion of invisibility {unknown}
Comestibles
 f - a ration


   Skills:
 - Level 1.7 Fighting
 + Level 2.6 Short Blades
 - Level 1.7 Throwing
 - Level 0.7 Dodging
 - Level 4.8 Stealth


You had one spell level left.
You didn't know any spells.
Your spell library was empty.

Dungeon Overview and Level Annotations

Branches:
Dungeon (1/15)

Altars:


Innate Abilities, Weirdness & Mutations

You have extremely sharp teeth.
When hurt, damage is shared between your health and your magic reserves.
Your bite disrupts and absorbs the magic of your enemies.
Potions cannot restore your health.
You are immune to rotting.


Message History

You fall into a shaft and drop 1 floor!
The shaft crumbles and collapses.
Found a pair of boots.
An adder, 2 hobgoblins and a kobold come into view.
Found a stone staircase leading up.
A hobgoblin comes into view.
The hobgoblin shouts!
A quokka comes into view.
The hobgoblin shouts!
An adder comes into view.
The kobold hits you.
A hobgoblin comes into view.
A bat comes into view.
The kobold throws a stone.
The stone hits you.
* * * LOW HITPOINT WARNING * * *
The quokka twitches its whiskers.
The quokka bites you.
* * * LOW HITPOINT WARNING * * *
You see here a stone.
The quokka bites you.
You die...

...............#
....g......... ##.
...........# #....
..g........#...#.#
..............^..#
........#.##......
............g..g..
.......(.K#.......
.......@r.#.......
........#.........
........#.#.......
......<##.#......
....... ... .....
#..#### .# ... #..
#.


You could see a quokka, 3 hobgoblins and a kobold.

Vanquished Creatures
  A dart slug (D:1)
  3 bats (D:1)
  A goblin (D:1)
  A frilled lizard (D:1)
  2 kobolds (D:1)
  3 rats (D:1)
11 creatures vanquished.

Notes
Turn   | Place    | Note
-------+----------+-------------------------------------------
     0 | D:1      | HAL9000 the Vine Stalker Assassin began the quest for the
                  | Orb.
     0 | D:1      | Reached XP level 1. HP: 11/11 MP: 2/2
   207 | D:1      | Reached XP level 2. HP: 6/15 MP: 3/3
   436 | D:1      | You fall into a shaft and drop 1 floor!
   442 | D:2      | Slain by a quokka

Levels and vault maps discovered:
D:1:      dpeg_arrival_tiny_i, layout_basic, minmay_strange_pillars
D:2:      layout_rooms

Skill      XL: |  1 |
---------------+----+-----
Short Blades   | 2 |  2.6
Fighting       | |  1.7
Throwing       | |  1.7
Dodging        | |  0.7
Stealth        | |  4.8

Action                   || total
-------------------------++-------
Melee: Dagger            ||    38
       Bite              ||     8
 Stab: Sleeping          ||     1
Armor: Robe              ||    12
Dodge: Dodged            ||    20

Table legend:
 A = Non-vault XP
 B = Vault XP
 C = Vault XP percentage of total XP
 D = Non-vault monster count
 E = Vault monster count
 F = Vault count percentage of total count
                 A         B        C        D         E       F
            +---------+---------+-------+---------+---------+-------
      Total |      17 |       0 |   0.0 |      11 |       0 |   0.0
            +---------+---------+-------+---------+---------+-------
        D:1 |      17 |       0 |   0.0 |      11 |       0 |   0.0
            +---------+---------+-------+---------+---------+-------
